 Dungeon Crawl Stone Soup version 0.24.0-13-gcf9b3192b9 (webtiles) character file.

Game seed: 10373374179844435980, levelgen mode: deterministic

14164 Goblin1989 the Slicer (level 11, -12/94 HPs)
             Began as a White Draconian Assassin on Nov 5, 2019.
             Was a Priest of Wu Jian.
             Mangled by a dire elephant skeleton (22 damage)
             ... on level 2 of the Abyss on Nov 6, 2019.
             The game lasted 00:58:13 (15912 turns).

Goblin1989 the Slicer (White Draconian Assassin)   Turns: 15912, Time: 00:58:13

Health: -12/94     AC: 10    Str: 20    XL:     11   Next: 85%
Magic:  15/15      EV: 20    Int: 12    God:    Wu Jian [***...]
Gold:   449        SH: 12    Dex: 17    Spells: 6/10 levels left

rFire    . . .     SeeInvis +   b - +2 dagger (venom)
rCold    . . .     Gourm    .   H - +1 shield
rNeg     . . .     Faith    .   (armour unavailable)
rPois    +         Spirit   .   (helmet restricted)
rElec    .         Reflect  .   A - +0 cloak
rCorr    +         Harm     .   J - +1 pair of gloves of the Fisher {rC- Regen+ rCorr Str+3}
MR       .....                  (no boots)
Stlth    +++++.....             n - amulet of the acrobat
HPRegen  0.65/turn              o - ring of poison resistance
MPRegen  0.14/turn              s - ring of see invisible

@: agile
A: breathe frost, unfitting armour, cold resistance 1, cold-blooded, AC +7
a: Breathe Frost, Wall Jump, Serpent's Lash, Renounce Religion


You were on level 2 of the Abyss.
You worshipped Wu Jian.
Wu Jian was most pleased with you.
You were not hungry.

You visited 2 branches of the dungeon, and saw 12 of its levels.
You visited the Abyss 1 time.
You also visited: Sewer.

You collected 713 gold pieces.
You spent 264 gold pieces at shops.

Inventory:

Hand Weapons
 a - a +8 fustibalus of flaming
 b - a +2 dagger of venom (weapon)
 u - a +2 short sword of speed
 v - a +1 dagger of chaos
 E - a +1 dagger of holy wrath
 G - a +0 rapier
Missiles
 d - 6 silver boomerangs (quivered)
 h - 299 stones {@Q3}
 j - 66 sling bullets
 k - 7 silver javelins {@Q2}
 Q - 15 poisoned darts
 Z - 4 throwing nets {!d , @Q1}
Armour
 A - a +0 cloak (worn)
 H - a +1 shield (worn)
 J - the +1 pair of gloves of the Fisher (worn) {rC- Regen+ rCorr Str+3}
   (You found it on level 6 of the Dungeon)

   It affects your strength (+3).
   It makes you vulnerable to cold.
   It increases your rate of regeneration.
   It provides partial protection from all sources of acid and corrosion.
 L - a +0 pair of gloves
Jewellery
 c - an uncursed ring of protection from cold
 l - an uncursed ring of positive energy
 n - an amulet of the acrobat (around neck)
 o - a ring of poison resistance (left hand)
 p - an uncursed ring of fire
 s - a ring of see invisible (right hand)
 x - an uncursed ring of stealth
Wands
 i - a wand of enslavement (19)
 m - a wand of scattershot (7) {@v5}
 r - a wand of iceblast (13) {@v4}
 y - a wand of flame (58) {@v6}
 z - a wand of paralysis (15) {@v7}
 F - a wand of clouds (4) {@v3}
 I - a wand of acid (14) {@v2}
 U - a wand of digging (6) {@v1}
Scrolls
 q - a scroll of silence
 w - 2 scrolls of amnesia
 B - 2 scrolls of blinking
 K - 2 scrolls of enchant armour
 M - a scroll of magic mapping
 S - 5 scrolls of fog
 T - 3 scrolls of teleportation {!r, @r2}
 W - 6 scrolls of remove curse {@r3}
 Y - a scroll of vulnerability
Potions
 f - 2 potions of resistance
 t - 2 potions of berserk rage
 C - a potion of haste {@q3,}
 D - a potion of flight
 N - a potion of agility
 O - 7 potions of lignification
 P - a potion of brilliance
 V - a potion of might {@q4}
 X - 4 potions of curing {@q1}
Miscellaneous
 g - a phantom mirror
Comestibles
 e - 16 rations


   Skills:
 + Level 8.3 Fighting
 * Level 10.2 Short Blades
 + Level 2.5(4.1) Slings
 - Level 5.0(5.3) Throwing
 + Level 6.7 Dodging
 - Level 8.0 Stealth
 + Level 6.5 Shields
 + Level 6.1 Evocations


You had 6 spell levels left.
You knew the following spells:

 Your Spells              Type           Power        Failure   Level  Hunger
l - Summon Lightning Spi  Summ/Air       #.......     100%        4    #####..

Your spell library contained the following spells:

 Spells                   Type           Power        Failure   Level  Hunger
 Corona                   Hex            #......      69%         1    ##.....
 Freeze                   Ice            #...         69%         1    ##.....
 Shock                    Conj/Air       #...         69%         1    ##.....
 Summon Small Mammal      Summ           #...         69%         1    ##.....
 Call Imp                 Summ           #.......     83%         2    ###....
 Ensorcelled Hibernation  Hex/Ice        #.....       83%         2    ###....
 Swiftness                Chrm/Air       #.......     83%         2    ###....
 Throw Frost              Conj/Ice       #.....       83%         2    ###....
 Call Canine Familiar     Summ           #.......     96%         3    ####...
 Confuse                  Hex            #.......     96%         3    ####...
 Dazzling Spray           Conj/Hex       #.....       96%         3    ####...
 Ozocubu's Armour         Chrm/Ice       #.......     96%         3    ####...
 Static Discharge         Conj/Air       #.......     96%         3    ####...
 Summon Guardian Golem    Hex/Summ       #.......     96%         3    ####...
 Tukima's Dance           Hex            #.......     96%         3    ####...
 Airstrike                Air            #.........   100%        4    #####..
 Summon Ice Beast         Ice/Summ       #.......     100%        4    #####..
 Throw Icicle             Conj/Ice       #.......     100%        4    #####..
 Bolt of Magma            Conj/Fire/Erth #.........   100%        5    ######.
 Iskenderun's Battlesphe  Conj/Chrm      #.......     100%        5    ######.
 Lightning Bolt           Conj/Air       #.........   100%        5    ######.
 Venom Bolt               Conj/Pois      #.........   100%        5    ######.
 Iron Shot                Conj/Erth      #.........   100%        6    #######
 Orb of Destruction       Conj           #.........   100%        7    #######
 Spellforged Servitor     Conj/Summ      #.........   100%        7    #######


Dungeon Overview and Level Annotations

Branches:
Dungeon (11/15)            Temple (1/1) D:7           Sewer (visited)
   Lair: D:8-11         Orc: D:9-12

Altars:
Ashenzari
Cheibriados
Dithmenos
Gozag
Makhleb
Nemelex Xobeh
Wu Jian
Yredelemnul
The Shining One
Beogh

Shops:
D:6 %   D:10 *

Annotations:
D:11 Erolcha


Innate Abilities, Weirdness & Mutations

You can breathe waves of freezing cold.
You can buffet flying creatures when you breathe cold.
Your icy white scales are hard. (AC +7)
You cannot fit into any form of body armour.
Your flesh is cold resistant. (rC+)
You are cold-blooded and may be slowed by cold attacks.


Message History

The starcursed mass shudders and is absorbed by its neighbour.
You block the starcursed mass's attack.
A deafening chorus of shrieks assaults your mind!
* * * LOW HITPOINT WARNING * * *
The starcursed mass engulfs you.
* * * LOW HITPOINT WARNING * * *
You take 13 damage, and have 14/94 hp.
Your muscles tense, ready for explosive movement...
Unknown command.
You hit the starcursed mass but do no damage.
The starcursed mass is lightly damaged.
You block the starcursed mass's attack.
Unknown command.
You hit the starcursed mass but do no damage.
The starcursed mass is lightly damaged.
A deafening chorus of shrieks assaults your mind!
* * * LOW HITPOINT WARNING * * *
You block the starcursed mass's attack.
A starcursed mass splits.
The starcursed mass engulfs you.
* * * LOW HITPOINT WARNING * * *
You take 13 damage, and have 2/94 hp.
You hit the starcursed mass.
The starcursed mass is lightly damaged.
The starcursed mass shudders and is absorbed by its neighbour.
Unknown command.
Unknown command.
Unknown command.
You spin and attack the starcursed mass repeatedly, with incredible momentum.
You hit the starcursed mass.
The starcursed mass is moderately damaged.
The starcursed mass shudders and is absorbed by its neighbour.
Your supernatural speed expires.
You see here a scroll of fog.
You feel much better. A chorus of shrieks assaults your mind.
* * * LOW HITPOINT WARNING * * *
You regained 16 hp, and now have 20/94 hp.
Really read
T - 4 scrolls of teleportation {!r, @r2}?
As you read the scroll of teleportation {!r, @r2}, it crumbles to dust.
You feel strangely unstable.
You feel the power of the Abyss delaying your translocation!
Unknown command.
You hit the starcursed mass but do no damage.
The starcursed mass misses you.
A starcursed mass splits.
A deafening chorus of shrieks assaults your mind!
* * * LOW HITPOINT WARNING * * *
You take 4 damage, and have 16/94 hp.
You hit the starcursed mass but do no damage.
You hit the starcursed mass but do no damage.
You tail-slap the starcursed mass, but do no damage.
The starcursed mass engulfs you!
* * * LOW HITPOINT WARNING * * *
A deafening chorus of shrieks assaults your mind!
* * * LOW HITPOINT WARNING * * *
You take 13 damage, and have 3/94 hp.
Found a gateway leading deeper into the Abyss.
Found a gateway leading out of the Abyss.
Unknown command.
You feel less exhausted.
You are suddenly pulled into a different region of the Abyss!
Unknown command.
Unknown command.
You start resting.
An Executioner comes into view.
A dire elephant skeleton comes into view.
You regained 14 hp, and now have 24/94 hp.
Unknown command.
You strike the helpless dire elephant skeleton from behind!
You impale the dire elephant skeleton!!
The dire elephant skeleton is moderately damaged.
The Executioner gives a hideous shriek!
You puncture the dire elephant skeleton!
The dire elephant skeleton is heavily damaged.
The dire elephant skeleton tramples you!!
* * * LOW HITPOINT WARNING * * *
You take 18 damage, and have 7/94 hp.
You hit the dire elephant skeleton.
The dire elephant skeleton is heavily damaged.
A large abomination comes into view.
You hit the dire elephant skeleton.
The dire elephant skeleton is heavily damaged.
The Executioner gestures.
The Executioner seems to speed up.
You hit the dire elephant skeleton but do no damage.
The dire elephant skeleton is heavily damaged.
The dire elephant skeleton misses you.
Unknown command.
You hit the dire elephant skeleton.
The dire elephant skeleton is heavily damaged.
A large abomination comes into view.
Unknown command.
You hit the dire elephant skeleton.
The dire elephant skeleton is heavily damaged.
The dire elephant skeleton tramples you but does no damage.
Unknown command.
You hit the dire elephant skeleton but do no damage.
The dire elephant skeleton is heavily damaged.
You feel agile all of a sudden.
The dire elephant skeleton tramples you!!
You die... ███ █████

███.. ....
█....██.█.
..█.....██
█.......
████.....█
.........█
██..X.@.█
█..█Z███
█...1
█....
█X.█..
....███
... █.


You could see an Executioner, 2 large abominations and a dire elephant skeleton.

Vanquished Creatures
  Harold (D:8)
  4 two-headed ogres
  Pikel (D:7)
  2 ugly things (D:11)
  A cyclops (D:11)
  Maurice (D:11)
  Psyche (D:8)
  A gargoyle (D:11)
  2 trolls (D:10)
  A hornet (D:10)
  4 hippogriffs
  Sigmund (D:2)
  A spriggan (D:7)
  A shadow (D:11)
  A wraith (D:10)
  A hungry ghost (D:11)
  A sky beast (D:5)
  9 orc warriors
  4 ice beasts
  An eye of draining (D:9)
  2 phantoms (D:10)
  6 ogres
  A centaur (D:7)
  A crocodile (D:9)
  4 bullfrogs
  3 big kobolds
  A wyvern zombie (D:11)
  A water moccasin zombie (D:7)
  2 scorpions
  10 killer bees
  5 howler monkeys
  5 wights (D:6)
  3 centaur zombies
  10 crimson imps
  4 hounds
  11 orc priests
  2 jellies
  An iguana (D:11)
  Terence (D:2)
  Natasha (thrice) (D:3)
  15 orc wizards
  8 worker ants
  A killer bee zombie (D:6)
  A hound skeleton (D:4)
  A howler monkey zombie (D:7)
  2 worker ant zombies
  Robin (D:2)
  3 gnolls (D:9)
  A howler monkey skeleton (D:5)
  15 adders
  2 river rats (D:3)
  4 shadow imps
  An ooze (D:3)
  An adder zombie (D:9)
  3 adder skeletons
  6 worms
  2 dart slugs (D:1)
  5 leopard geckos
  58 orcs
  15 bats
  8 giant cockroaches
  12 goblins
  17 hobgoblins
  25 jackals
  20 kobolds
  5 quokkas
  4 ball pythons
  7 frilled lizards
  21 rats
379 creatures vanquished.

Vanquished Creatures (others)
  2 slaves (D:8)
  A bullfrog (D:8)
  An orc priest (D:8)
  An orc wizard (D:6)
  An adder (D:8)
  4 orcs
  A jackal (D:8)
11 creatures vanquished.

Grand Total: 390 creatures vanquished

Notes
Turn   | Place    | Note
-------+----------+-------------------------------------------
     0 | D:1      | Goblin1989 the Draconian Assassin began the quest for the
                  | Orb.
     0 | D:1      | Reached XP level 1. HP: 17/17 MP: 1/1
   225 | D:1      | Reached XP level 2. HP: 18/24 MP: 2/2
   362 | D:1      | Reached skill level 3 in Short Blades
   704 | D:1      | Reached XP level 3. HP: 29/29 MP: 3/3
  1452 | D:2      | Noticed Sigmund
  1787 | D:2      | Noticed Terence
  2003 | D:2      | Killed Sigmund
  2003 | D:2      | Reached skill level 4 in Short Blades
  2003 | D:2      | Reached XP level 4. HP: 36/36 MP: 4/4
  2003 | D:2      | Reached XP level 5. HP: 41/41 MP: 5/5
  2329 | D:2      | Reached skill level 5 in Short Blades
  2380 | D:2      | Killed Terence
  2380 | D:2      | Reached XP level 6. HP: 42/48 MP: 6/6
  2564 | D:2      | Noticed Robin
  2595 | D:2      | Killed Robin
  2595 | D:2      | Reached skill level 1 in Dodging
  3025 | D:2      | You fall into a shaft and drop 2 floors!
  3112 | D:3      | Noticed Natasha
  3133 | D:3      | Found a glowing drain.
  3214 | D:3      | Killed Natasha
  3231 | D:3      | Noticed Natasha
  3280 | D:3      | Killed Natasha
  3301 | Sewer    | Entered a sewer
  4286 | D:3      | Found a shadowy altar of Dithmenos.
  4397 | D:3      | Your scales start taking on an icy white colour.
  4397 | D:3      | Reached XP level 7. HP: 42/57 MP: 7/7
  4397 | D:3      | Gained mutation: Your flesh is cold resistant. (rC+) [White
                  | Draconian growth]
  4646 | D:3      | Noticed Natasha
  4648 | D:3      | Killed Natasha
  5224 | D:4      | Found an ornate altar of the Wu Jian Council.
  5317 | D:4      | Became a worshipper of the Wu Jian Council
  5400 | D:5      | Entered Level 5 of the Dungeon
  6079 | D:5      | Reached skill level 6 in Short Blades
  6294 | D:5      | Learned a level 4 spell: Summon Lightning Spire
  6480 | D:6      | Found a shattered altar of Ashenzari.
  6509 | D:6      | Reached XP level 8. HP: 66/66 MP: 8/8
  6781 | D:6      | Reached skill level 5 in Stealth
  6781 | D:6      | Reached skill level 1 in Shields
  7225 | D:6      | Found a burning altar of Makhleb.
  7386 | D:6      | Found a faded altar of an unknown god.
  7386 | D:6      | Found a snail-covered altar of Cheibriados.
  7391 | D:6      | Found a basalt altar of Yredelemnul.
  7393 | D:6      | Found an opulent altar of Gozag.
  7395 | D:6      | Found a faded altar of an unknown god.
  7530 | D:6      | Got a pair of faintly humming gloves
  7674 | D:6      | Reached * piety under Wu Jian
  7723 | D:6      | Identified the +1 pair of gloves of the Fisher {rC- Regen+
                  | rCorr Str+3} (You found it on level 6 of the Dungeon)
  7993 | D:6      | Found Lilalawk's Food Shoppe.
  8322 | D:7      | Reached skill level 5 in Fighting
  8446 | D:7      | Found a staircase to the Ecumenical Temple.
  8468 | D:7      | Reached skill level 1 in Evocations
  8549 | D:7      | Reached skill level 5 in Throwing
  8624 | D:7      | Noticed a hippogriff
  8646 | D:7      | Killed a hippogriff
  8646 | D:7      | Reached XP level 9. HP: 43/74 MP: 10/10
  8656 | D:7      | Reached ** piety under Wu Jian
  8853 | D:7      | Reached skill level 7 in Short Blades
  9063 | Temple   | Entered the Ecumenical Temple
  9523 | D:7      | Reached *** piety under Wu Jian
  9989 | D:7      | Found a glowing golden altar of the Shining One.
 10074 | D:8      | Noticed Psyche
 10075 | D:8      | Killed Psyche
 10137 | D:8      | Noticed Pikel
 10149 | D:7      | Killed Pikel
 10149 | D:7      | Reached skill level 5 in Dodging
 10149 | D:7      | Reached XP level 10. HP: 45/84 MP: 12/12
 10220 | D:8      | Found an opulent altar of Gozag.
 10479 | D:8      | Found a sparkling altar of Nemelex Xobeh.
 10762 | D:7      | Reached **** piety under Wu Jian
 10762 | D:7      | Reached skill level 8 in Short Blades
 10840 | D:8      | Noticed Harold
 10989 | D:8      | Killed Harold
 11172 | D:8      | Reached skill level 5 in Shields
 11361 | D:8      | Found a roughly hewn altar of Beogh.
 12062 | D:9      | Noticed a two-headed ogre
 12090 | D:9      | Killed a two-headed ogre
 12122 | D:9      | Reached skill level 5 in Evocations
 12261 | D:9      | Noticed a two-headed ogre
 12277 | D:9      | Killed a two-headed ogre
 12277 | D:9      | Reached skill level 9 in Short Blades
 12277 | D:9      | Reached XP level 11. HP: 28/92 MP: 14/14
 12681 | D:9      | Found a sparkling altar of Nemelex Xobeh.
 13049 | D:10     | Entered Level 10 of the Dungeon
 13150 | D:10     | Noticed a two-headed ogre
 13214 | D:9      | Killed a two-headed ogre
 13590 | D:10     | Identified a scroll of acquirement
 13761 | D:10     | Reached ***** piety under Wu Jian
 14111 | D:10     | Found Guetery's General Store.
 14121 | D:10     | Bought a scroll of fog for 24 gold pieces
 14121 | D:10     | Bought an uncursed ring of poison resistance for 240 gold
                  | pieces
 14448 | D:10     | Reached skill level 1 in Slings
 14490 | D:11     | Noticed a green ugly thing
 14558 | D:11     | Killed a green ugly thing
 14751 | D:11     | Noticed a white ugly thing
 14752 | D:11     | Noticed a green ugly thing
 14842 | D:11     | Noticed a white ugly thing
 14866 | D:11     | Killed a white ugly thing
 15082 | D:11     | Reached skill level 10 in Short Blades
 15151 | D:11     | Noticed a white ugly thing
 15159 | D:11     | Noticed Maurice
 15300 | D:11     | Killed Maurice
 15481 | D:11     | Noticed a two-headed ogre
 15515 | D:11     | Killed a two-headed ogre
 15772 | D:11     | Noticed Erolcha
 15781 | D:11     | Cast into level 2 of the Abyss (Erolcha)
 15837 | Abyss:2  | Noticed a starcursed mass
 15859 | Abyss:2  | Paralysed by accursed screaming for 1 turns
 15862 | Abyss:2  | HP: 2/94 [starcursed mass (4)]
 15870 | Abyss:2  | HP: 3/94 [starcursed mass/accursed screaming (5)]
 15902 | Abyss:2  | Noticed an Executioner
 15906 | Abyss:2  | Noticed a large abomination
 15912 | Abyss:2  | Mangled by a dire elephant skeleton

Levels and vault maps discovered:
D:1:      erik_arrival_orb_chamber, layout_basic, minmay_indecisive_spiral
D:2:      layout_loops_ring, serial_forest, infiniplex_forest_side_room,
          infiniplex_forest_corner_1, infiniplex_forest_corner_1,
          infiniplex_forest_diagonal, infiniplex_forest_corner_1,
          infiniplex_forest_lined_room_2, uniq_robin, uniq_terence, uniq_sigmund
D:3:      layout_basic, grunt_dithmenos_smoke, portal_sewer_entry_c,
          lemuel_another_geyser, uniq_natasha
D:4:      layout_rooms, kennysheep_little_box, first_ration
D:5:      layout_rooms, st_stairs_10
D:6:      layout_loops_corners, chequers_temple_overflow_minitemple,
          cheibrodos_ashenzari_chains, nicolae_overflow_hidden_temple,
          serial_shops, nicolae_shop_waterfront, eino_tiny_chamber
D:7:      minmay_angry_zag, layout_loops_cross, lemuel_doored_altar,
          minmay_temple_entry_drinking_statues, the_bakery, nicolae_benzene_ring
D:8:      layout_gridville, special_room [special_room_orc], basic_altar,
          nicolae_gozag_seed_capital, uniq_harold, uniq_pikel, uniq_psyche
D:9:      layout_roguey, fountainhead, minmay_door_square,
          nemelex_diamond_rough_becter
D:10:     layout_irregular_city, serial_shops, nicolae_shop_waterfront
D:11:     layout_rooms, lair_entry_dummy, uniq_maurice, uniq_erolcha
Temple:   jpeg_temple_clearing
Abyss:2

Skill      XL: |  1  2  3  4  5  6  7  8  9 10 11 |
---------------+----------------------------------+-----
Short Blades   | 3 4 5 6 7 9 10 | 10.2
Throwing       | 2 3 4 5 |  5.0
Dodging        | 2 4 5 6 |  6.7
Stealth        | 4 5 6 7 8 |  8.0
Fighting       | 3 4 5 6 7 8 |  8.3
Shields        | 2 4 5 6 |  6.5
Evocations     | 1 3 5 6 |  6.1
Slings         | 2 |  2.5

Action                   |  1- 3 |  4- 6 |  7- 9 | 10-12 || total
-------------------------+-------+-------+-------+-------++-------
Melee: Dagger            |   114 |   226 |   536 |   688 ||  1564
       Tailslap          |    13 |    21 |    81 |   123 ||   238
       Unarmed           |       |     7 |       |       ||     7
       Short sword       |       |       |    12 |     9 ||    21
 Fire: Hunting sling     |       |    17 |       |       ||    17
       Fustibalus        |       |       |       |   143 ||   143
Throw: Dart              |    52 |    32 |    50 |    80 ||   214
       Stone             |    39 |    40 |    77 |    58 ||   214
       Javelin           |     1 |    16 |     8 |     8 ||    33
       Boomerang         |       |    30 |   118 |    80 ||   228
       Throwing net      |       |       |       |     1 ||     1
Invok: Lunge             |       |       |     5 |    10 ||    15
       Whirlwind         |       |       |     8 |    82 ||    90
       Serpent's Lash    |       |       |       |     4 ||     4
       Heavenly Storm    |       |       |       |     1 ||     1
 Abil: Breathe Frost     |       |       |     8 |       ||     8
       Wall Jump         |       |       |       |     1 ||     1
  Use: Scroll            |       |     4 |     6 |    16 ||    26
       Potion            |       |     4 |       |     5 ||     9
 Stab: Sleeping          |       |     1 |     2 |     1 ||     4
       Distracted        |       |       |       |     1 ||     1
       Held in net/web   |       |       |       |     1 ||     1
  Eat: Chunk             |     2 |     4 |    12 |    17 ||    35
       Ration            |     1 |     1 |     2 |     1 ||     5
Armor: Skin              |    29 |    92 |   106 |   113 ||   340
Dodge: Dodged            |    55 |   152 |   138 |   188 ||   533
Block: Shield            |       |       |   132 |   208 ||   340

Levels and vault maps discovered:
D:1:      erik_arrival_orb_chamber, layout_basic, minmay_indecisive_spiral
D:2:      layout_loops_ring, serial_forest, infiniplex_forest_side_room,
          infiniplex_forest_corner_1, infiniplex_forest_corner_1,
          infiniplex_forest_diagonal, infiniplex_forest_corner_1,
          infiniplex_forest_lined_room_2, uniq_robin, uniq_terence, uniq_sigmund
D:3:      layout_basic, grunt_dithmenos_smoke, portal_sewer_entry_c,
          lemuel_another_geyser, uniq_natasha
D:4:      layout_rooms, kennysheep_little_box, first_ration
D:5:      layout_rooms, st_stairs_10
D:6:      layout_loops_corners, chequers_temple_overflow_minitemple,
          cheibrodos_ashenzari_chains, nicolae_overflow_hidden_temple,
          serial_shops, nicolae_shop_waterfront, eino_tiny_chamber
D:7:      minmay_angry_zag, layout_loops_cross, lemuel_doored_altar,
          minmay_temple_entry_drinking_statues, the_bakery, nicolae_benzene_ring
D:8:      layout_gridville, special_room [special_room_orc], basic_altar,
          nicolae_gozag_seed_capital, uniq_harold, uniq_pikel, uniq_psyche
D:9:      layout_roguey, fountainhead, minmay_door_square,
          nemelex_diamond_rough_becter
D:10:     layout_irregular_city, serial_shops, nicolae_shop_waterfront
D:11:     layout_rooms, lair_entry_dummy, uniq_maurice, uniq_erolcha
Temple:   jpeg_temple_clearing
Abyss:2
